 Dungeon Crawl Stone Soup version 0.19-a0-450-g98b348d (webtiles) character file.

730 Hipnos the Geomancer (level 7, -4/36 HPs)
             Began as a Gargoyle Earth Elementalist on June 1, 2016.
             Was a Follower of Vehumet.
             Slain by Menkaure (20 damage)
             ... on level 4 of the Dungeon.
             The game lasted 00:12:58 (2605 turns).

Hipnos the Geomancer (Gargoyle Earth Elementalist)  Turns: 2605, Time: 00:12:59

Health: -4/36      AC:  6    Str: 11    XL:     7   Next: 73%
Magic:  1/13       EV: 13    Int: 18    God:    Vehumet [*.....]
Gold:   185        SH:  0    Dex: 10    Spells: 4 memorised, 4 levels left

rFire  . . .     SeeInvis .     b - 53 stones
rCold  . . .     Gourm    .     e - +0 robe
rNeg   + . .     Faith    .     (no shield)
rPois  ∞         Spirit   .     (helmet restricted)
rElec  +         Dismiss  .     (no cloak)
rCorr  .         Reflect  .     (no gloves)
SustAt .         Harm     .     (no boots)
MR     .....                    (no amulet)
Stlth  ++........               (no ring)
                                (no ring)

@: not resistant to hostile enchantments, unstealthy
A: horns 1, negative energy resistance 1, electricity resistance, unbreathing,
petrification resistance, rot immunity, AC +4
a: Renounce Religion


You were on level 4 of the Dungeon.
You worshipped Vehumet.
Vehumet was aware of your devotion.
You were not hungry.

You visited 1 branch of the dungeon, and saw 4 of its levels.

You collected 185 gold pieces.

Inventory:

Hand Weapons
 k - a +0 whip
Missiles
 b - 53 stones (in hand)
Armour
 e - a +0 robe (worn)
Scrolls
 a - a scroll of enchant armour {unknown}
 l - a scroll of amnesia {unknown}
 n - 2 scrolls of magic mapping {unknown}
 r - 2 scrolls of fog {unknown}
 v - a scroll of remove curse {unknown}
 w - a scroll of immolation {unknown}
Potions
 g - a potion of flight
 h - a potion of mutation {unknown}
 j - a potion of magic {unknown}
 m - 2 potions of curing {unknown}
 p - 2 potions of brilliance {unknown}
 q - a potion of heal wounds
 t - a potion of resistance {unknown}
 u - a potion of haste {unknown}
Books
 c - a book of Geomancy

   Spells                             Type                      Level
   a - Sandblast                      Earth                        1
   b - Passwall                       Transmutation/Earth          2
   c - Stone Arrow                    Conjuration/Earth            3
   d - Petrify                        Transmutation/Earth          4
   e - Lee's Rapid Deconstruction     Earth                        5
 s - a Young Poisoner's Handbook

   Spells                             Type                      Level
   a - Sting                          Conjuration/Poison           1
   b - Cure Poison                    Poison                       2
   c - Mephitic Cloud                 Conjuration/Poison/Air       3
   d - Olgreb's Toxic Radiance        Poison                       4
   e - Venom Bolt                     Conjuration/Poison           5
Comestibles
 d - 3 bread rations
 f - 2 meat rations
 i - a beef jerky
 o - 3 chunks of flesh


   Skills:
 + Level 0.4 Maces & Flails
 + Level 3.1 Dodging
 - Level 2.1 Stealth
 + Level 4.4 Spellcasting
 + Level 0.7 Transmutations
 * Level 8.2 Earth Magic


You had 4 spell levels left.
You knew the following spells:

 Your Spells              Type           Power        Failure   Level  Hunger
a - Sandblast             Erth           ####..       1%          1    None
b - Passwall              Tmut/Erth      ###.......   3%          2    ##.....
c - Stone Arrow           Conj/Erth      ###...       10%         3    ###....
d - Petrify               Tmut/Erth      ###.....     24%         4    ####...


Dungeon Overview and Level Annotations

Branches:
Dungeon (4/15)             Temple (0/1) D:4

Altars:
Okawaru
Qazlal
Vehumet
Xom

Annotations:
D:2 Sigmund
D:4 Menkaure


Innate Abilities, Weirdness & Mutations

You are resistant to torment.
Your stone body is resilient. (AC +4)
You are immune to poison.
You resist negative energy. (rN+)
You are resistant to electric shocks. (rElec)
You can survive without breathing.
You are immune to petrification.
You are immune to rotting.
You have a pair of small horns on your head.


Message History

Aim: an orc, wielding a dagger and wearing a scale mail (heavily wounded)
The rocky blast hits the orc.
You kill the orc!
Vehumet accepts your kill.
Casting: Sandblast
Confirm with . or Enter, or press ? or * to list all spells.
Aiming: Sandblast
Press: ? - help, Shift-Dir - straight line, f - Menkaure
Aim: Menkaure (fast)
The rocky blast misses Menkaure.
Menkaure barely misses you.
Casting: Sandblast
Confirm with . or Enter, or press ? or * to list all spells.
Aiming: Sandblast
Press: ? - help, Shift-Dir - straight line, f/p - Menkaure
Aim: Menkaure (fast)
The rocky blast hits Menkaure.
Menkaure is lightly damaged.
Menkaure hits you!!
Ouch! That really hurt!
You die...

.# .# .# .# .#
.##################
..................#
..##############.##
..# #@# ..# ####
#M# ..# ...o. #.#
..# ......##.## ..#
#oM)...# ..#
......##### ####.
.. ..


You could see Menkaure.

Vanquished Creatures
  A phantom (D:4)
  An ogre (D:4)
  A howler monkey (D:3)
  4 crimson imps (D:4)
  The ghost of Xiguana the Ducker, a weakling SpAM (D:3)
  4 hounds (D:4)
  3 worker ants (D:4)
  2 orc wizards (D:4)
  4 adders
  An ooze (D:2)
  2 worms
  2 dart slugs
  3 giant geckos
  6 orcs
  3 giant cockroaches
  15 goblins
  7 hobgoblins
  7 kobolds
  2 quokkas
  2 bats
  2 giant newts
  A jackal skeleton (D:4)
  5 rats
79 creatures vanquished.

Notes
Turn   | Place    | Note
--------------------------------------------------------------
     0 | D:1      | Hipnos the Gargoyle Earth Elementalist began the quest for the Orb.
     0 | D:1      | Reached XP level 1. HP: 10/10 MP: 3/3
   125 | D:1      | Reached skill level 4 in Earth Magic
   144 | D:1      | Reached XP level 2. HP: 15/15 MP: 1/5
   616 | D:1      | Reached XP level 3. HP: 19/19 MP: 4/6
   928 | D:2      | Learned a level 2 spell: Passwall
   932 | D:2      | Learned a level 3 spell: Stone Arrow
  1118 | D:2      | Noticed Sigmund
  1131 | D:3      | Found an iron altar of Okawaru.
  1137 | D:3      | Reached skill level 5 in Earth Magic
  1137 | D:3      | Reached XP level 4. HP: 24/24 MP: 1/8
  1145 | D:3      | Noticed Xiguana's ghost (weakling SpAM)
  1163 | D:3      | Found a stormy altar of Qazlal.
  1163 | D:3      | Found a radiant altar of Vehumet.
  1166 | D:3      | Became a worshipper of Vehumet
  1204 | D:3      | Killed Xiguana's ghost
  1338 | D:3      | Reached XP level 5. HP: 27/28 MP: 6/9
  1545 | D:3      | Learned a level 4 spell: Petrify
  1721 | D:4      | Found a shimmering altar of Xom.
  1734 | D:4      | Reached skill level 6 in Earth Magic
  1770 | D:4      | Reached XP level 6. HP: 26/32 MP: 2/11
  1834 | D:4      | Reached * piety under Vehumet
  1834 | D:4      | Offered knowledge of Freeze by Vehumet.
  2056 | D:4      | Noticed a phantom
  2104 | D:4      | Killed a phantom
  2104 | D:4      | Reached skill level 7 in Earth Magic
  2104 | D:4      | Reached XP level 7. HP: 22/36 MP: 0/12
  2209 | D:4      | Gained mutation: You have a pair of small horns on your head. [potion of beneficial mutation]
  2246 | D:4      | Found a staircase to the Ecumenical Temple.
  2589 | D:4      | Noticed Menkaure
  2592 | D:4      | Reached skill level 8 in Earth Magic
  2605 | D:4      | Slain by Menkaure

Vault maps used:
D:1:      dpeg_arrival_morbid_curiosity
D:2:      nicolae_overflow_hidden_temple, elyvilon_altar_3, uniq_terence,
          uniq_sigmund
D:3:      overflow_temple_1_default, gammafunk_temple_overflow_elements
D:4:      led_xom_imps, minmay_temple_entry_overgrown, uniq_menkaure

Skill      XL: |  1  2  3  4  5  6  7 |
---------------+----------------------+-----
Earth Magic    | 4 5 6 7 8 |  8.2
Dodging        | 2 3 |  3.1
Spellcasting   | 3 4 |  4.4
Maces & Flails | |  0.4
Stealth        | |  2.1
Transmutations | |  0.7

Action                   |  1- 3 |  4- 6 |  7- 9 || total
-------------------------+-------+-------+-------++-------
Melee: Unarmed           |     2 |       |       ||     2
       Whip              |       |   103 |       ||   103
 Cast: Sandblast         |    57 |    58 |    34 ||   149
       Stone Arrow       |       |       |     1 ||     1
  Use: Scroll            |     2 |       |     1 ||     3
       Potion            |     1 |     1 |     1 ||     3
 Stab: Invisible         |       |     3 |       ||     3
  Eat: Chunk             |     1 |     4 |     1 ||     6
Armor: Robe              |    11 |    37 |     5 ||    53
Dodge: Dodged            |    31 |    89 |    11 ||   131
